 Dungeon Crawl Stone Soup version 0.31-a0-692-gf03d1854d5 (webtiles) character file.

Game seed: 10721888550267521214

37 qw the Shooter (level 3, -1/22 HPs)
             Began as a Gargoyle Hunter on Sept 6, 2023.
             Slain by a goblin
             ... wielding a +0 club
             ... led by Robin
              (3 damage)
             ... on level 2 of the Dungeon.
             The game lasted 00:00:18 (845 turns).

qw the Shooter (Gargoyle Hunter)                     Turns: 845, Time: 00:00:18

Health: -1/22      AC:  7    Str: 14    XL:     3   Next: 39%
Magic:  3/3        EV: 11    Int:  9    God:
Gold:   98         SH:  0    Dex: 15    Spells: 2/2 levels left

rFire   . . .        Y - +0 shortbow
rCold   . . .        (shield currently unavailable)
rNeg    + . .        c - +0 leather armour
rPois   inf          (no helmet)
rElec   +            d - +0 cloak
rCorr   .            (no gloves)
SInv    .            (no boots)
Will    .....        (no amulet)
Stlth   ++           (no ring)
HPRegen 0.23/turn    (no ring)
MPRegen 0.08/turn

%: no passive effects
@: no status effects
A: sickness immunity, AC +3, negative energy resistance 1, electricity
resistance, torment resistance 1, petrification resistance
a: no special abilities


You were on level 2 of the Dungeon.
You visited 1 branch of the dungeon, and saw 2 of its levels.

You collected 98 gold pieces.


Innate Abilities, Weirdness & Mutations

You are immune to sickness and miasma.
Your stone body is resilient. (AC +3)
You are immune to poison.
You resist negative energy. (rN+)
You are resistant to electric shocks. (rElec)
You are resistant to unholy torment.
You are immune to petrification.


   Skills:
 + Level 2.4 Fighting
 - Level 5.0 Ranged Weapons
 - Level 1.5 Dodging
 - Level 1.1 Stealth


You had 2 spell levels left.
You didn't know any spells.
Your spell library was empty.

Inventory:

Hand Weapons
 Y - a +0 shortbow (weapon)
Armour
 c - a +0 leather armour (worn)
 d - a +0 cloak (worn)
Jewellery
 a - a ring of wizardry
 f - a +4 ring of protection
Scrolls
 e - a scroll of immolation {unknown}
 g - a scroll of teleportation {unknown}
Potions
 b - a potion of curing {unknown}

Dungeon Overview and Level Annotations

Branches:
Dungeon (2/15)

Altars:

Annotations:
D:2 1 runed translucent door, Crazy Yiuf, Robin


Message History

The goblin completely misses you. The hobgoblin completely misses you.
Robin roars a battlecry!
The goblins go into a battle-frenzy!
The goblin hits you with a +0 club.
You shoot an arrow. The arrow hits the goblin.
You kill the goblin!
The hobgoblin hits you but does no damage.
The goblin hits you but does no damage.
You shoot an arrow. The arrow hits the hobgoblin.
The hobgoblin is almost dead.
The hobgoblin misses you. The goblin hits you but does no damage.
You shoot an arrow. The arrow barely misses the hobgoblin.
The arrow hits the goblin.
You kill the goblin!
Robin throws the goblin at you!
The hobgoblin hits you but does no damage.
The goblin hits you with a +0 club. Robin throws the goblin at you!
The goblin closely misses you. The hobgoblin barely misses you.
You shoot an arrow. The arrow hits the hobgoblin.
You kill the hobgoblin!
The goblin hits you but does no damage. The goblin hits you with a +0 dagger.
The goblin hits you with a +0 club. The goblin barely misses you.
The goblin closely misses you.
You shoot an arrow. The arrow hits the goblin!
You kill the goblin!
The goblin barely misses you.
The hobgoblin hits you but does no damage.
The goblin hits you with a +0 dagger. The goblin hits you with a +0 club.
You shoot an arrow. The arrow completely misses the goblin.
The goblin barely misses you. The hobgoblin closely misses you.
The goblin closely misses you. x2
You shoot an arrow. The arrow barely misses the goblin.
The goblin hits you with a +0 dagger. The hobgoblin barely misses you.
The goblin hits you but does no damage. x2
The goblin hits you with a +0 dagger.
You shoot an arrow. The arrow hits the goblin.
The goblin is heavily wounded.
The hobgoblin hits you. The goblin hits you but does no damage.
The goblin hits you with a +0 club.
You die...

......%.#.#
##......#.#####
........#......
.#.............
.....#..#......
#...#.#..#......
##...#g#..# #....
......rgg)# #.##
###..#.#@g# .# #.
#.##g# # #g #g# gg
..# ##### .g #.#
..... ... ..# #.. .
#####.#. #.# #
....#.#########.###
.................#


You could see Robin, a hobgoblin (strong), 4 goblins and a rat.

Vanquished Creatures
  An adder (D:2)
  A dart slug (D:1)
  4 ball pythons
  3 bats
  2 endoplasms (D:1)
  3 goblins (D:2)
  3 hobgoblins
  3 kobolds
  A quokka (D:2)
  A frilled lizard (D:1)
22 creatures vanquished.

Notes
Turn   | Place    | Note
-------+----------+-------------------------------------------
     0 | D:1      | qw the Gargoyle Hunter began the quest for the Orb.
     0 | D:1      | Reached XP level 1. HP: 12/12 MP: 1/1
     0 | D:1      | 0 ||| qw: Version: 0.3-a-76-g4403597
     0 | D:1      | 0 ||| qw: Game counter: 94
     0 | D:1      | 0 ||| qw: Melee chars always use a shield: true
     0 | D:1      | 0 ||| qw: God list: Okawaru
     0 | D:1      | 0 ||| qw: Allow faded altars: false
     0 | D:1      | 0 ||| qw: Do Orc after clearing Dungeon:15 true
     0 | D:1      | 0 ||| qw: Do second Lair branch before Depths: true
     0 | D:1      | 0 ||| qw: Lair rune preference: random
     0 | D:1      | 0 ||| qw: Goals: Normal
     0 | D:1      | 0 ||| PLANNING D:1-11
   174 | D:1      | Reached XP level 2. HP: 17/17 MP: 2/2
   397 | D:1      | 397 ||| UPGRADING to +0 cloak.
   402 | D:1      | 402 ||| READING scroll labelled HEHIM ZAMAIMYE.
   403 | D:1      | 403 ||| READING scroll labelled SEGUF CESMOMOY.
   404 | D:1      | 404 ||| DROPPING scroll of butterflies.
   624 | D:2      | Found a faded altar of an unknown god.
   769 | D:2      | Found a runed translucent door.
   770 | D:2      | Noticed Crazy Yiuf
   800 | D:2      | Reached skill level 5 in Ranged Weapons
   800 | D:2      | Reached XP level 3. HP: 15/21 MP: 3/3
   830 | D:2      | Noticed Robin
   831 | D:2      | 831 ||| Stepping ~*~*~tactically~*~*~ (outnumbered).
   836 | D:2      | 836 ||| Stepping ~*~*~tactically~*~*~ (outnumbered).
   844 | D:2      | HP: 5/22 [goblin/+0 dagger[Robin] (2)]
   845 | D:2      | HP: 2/22 [hobgoblin[Robin] (1)]
   845 | D:2      | Slain by a goblin

Levels and vault maps discovered:
D:1:      tekkud_arrival_beachfront_property, layout_rooms, feat_on_display
D:2:      layout_basic, shapermc_ecumenical_altar_pompeii, uniq_robin,
          uniq_crazy_yiuf_cottage

Skill      XL: |  1  2 |
---------------+-------+-----
Ranged Weapons | 5 |  5.0
Fighting       | |  2.4
Dodging        | |  1.5
Stealth        | |  1.1

Action                     || total
---------------------------++-------
   Fire: Shortbow          ||    55
    Use: Scroll            ||     2
 Armour: Leather armour    ||    36
  Dodge: Dodged            ||    28

Table legend:
 A = Non-vault XP
 B = Vault XP
 C = Vault XP percentage of total XP
 D = Non-vault monster count
 E = Vault monster count
 F = Vault count percentage of total count
                 A         B        C        D         E       F
            +---------+---------+-------+---------+---------+-------
      Total |      45 |       8 |  15.1 |      18 |       4 |  18.2
            +---------+---------+-------+---------+---------+-------
        D:1 |      18 |       0 |   0.0 |       9 |       0 |   0.0
        D:2 |      27 |       8 |  22.9 |       9 |       4 |  30.8
            +---------+---------+-------+---------+---------+-------
